 Dungeon Crawl Stone Soup version 0.20-a0-299-gec7c366 (webtiles) character file.

428 Da5id the Ruffian (level 6, 0/59 HPs)
             Began as a Troll Monk on Dec 15, 2016.
             Killed by divine providence
             ... invoked by an orc priest
              (13 damage)
             ... on level 4 of the Dungeon.
             The game lasted 00:02:53 (2493 turns).

Da5id the Ruffian (Troll Monk)                      Turns: 2493, Time: 00:02:53

Health: 0/59       AC:  6    Str: 22    XL:     6   Next: 65%
Magic:  5/5        EV: 16    Int:  6    God:
Gold:   40         SH:  0    Dex: 17    Spells: 5/5 levels left

rFire  + + .     SeeInvis .       - Unarmed
rCold  . . .     Gourm    +     a - +0 robe
rNeg   . . .     Faith    .     (no shield)
rPois  .         Spirit   .     (helmet restricted)
rElec  .         Reflect  .     e - +0 cloak
rCorr  .         Harm     .     (gloves unavailable)
MR     .....                    (boots unavailable)
Stlth  +++.......               (no amulet)
                                s - ring of fire
                                r - ring of protection from cold

@: agile
A: unfitting armour, claws 3, fire resistance 1, fast metabolism 3, gourmand,
regeneration 1, shaggy fur 1, tough skin 2
a: no special abilities


You were on level 4 of the Dungeon.
You were completely stuffed.

You visited 1 branch of the dungeon, and saw 4 of its levels.

You collected 157 gold pieces.
You spent 117 gold pieces at shops.

Inventory:

Armour
 a - a +0 robe (worn)
 e - a +0 cloak (worn)
Jewellery
 r - a ring of protection from cold (left claw)
 s - a ring of fire (right claw)
Wands
 t - a wand of flame (32/48)
Scrolls
 c - a scroll of recharging {unknown}
 d - 5 scrolls of immolation {unknown}
 f - 4 scrolls of amnesia {unknown}
 h - a scroll of enchant weapon {unknown}
 i - 4 scrolls of identify {unknown}
 j - 7 scrolls of teleportation
 l - a scroll of enchant armour {unknown}
 n - a scroll of random uselessness {unknown}
 o - a scroll of remove curse {unknown}
Potions
 g - a potion of curing {unknown}
 k - a potion of degeneration {unknown}
Comestibles
 b - 2 bread rations
 q - 12 chunks of flesh


   Skills:
 - Level 2.4 Fighting
 - Level 2.4 Dodging
 - Level 1.0 Stealth
 + Level 7.6 Unarmed Combat


You had 5 spell levels left.
You didn't know any spells.

Dungeon Overview and Level Annotations

Branches:
Dungeon (4/15)
 Temple: D:4-7

Altars:
Elyvilon
Nemelex Xobeh
Vehumet
Yredelemnul

Shops:
D:4 ?


Innate Abilities, Weirdness & Mutations

You are too large for most types of armour.
You have claws for hands.
Your metabolism is lightning-fast.
You like to eat raw meat.
Your natural rate of healing is unusually fast.
You are covered in fur. (AC +1)
You have very tough skin. (AC +2)
Your flesh is heat resistant. (rF+)


Message History

Da5id's ghost is almost destroyed.
The gnoll barely misses you.
Da5id's ghost hits you but does no damage.
The gnoll closely misses you.
You mangle Da5id's ghost!!
You destroy Da5id's ghost!
Your Unarmed Combat skill gained 2 levels and is now at level 7!
You have reached level 6!
Your experience leads to an increase in your attributes!
Your base attributes are Str 20, Int 6, Dex 12.
Increase (S)trength, (I)ntelligence, or (D)exterity?
You feel stronger. x2
It was a potion of beneficial mutation.
You feel resistant to heat.
You feel fantastic! The gnoll closely misses you.
The gnoll hits you from afar with a vampiric spear.
* * * LOW HITPOINT WARNING * * *
The orc priest calls down the wrath of Beogh upon you.
Beogh smites you!
You die...

.[..#.... ...#... #..#..<
..#.. ..o. #..# .
#.g#+#+#.# #.# . #.g...(..#
#..# ..####!@......# ...
#.............# ..##
#####.#####.#####.. #...
...........### # ..##
#...........# #...
#........##.# #.###∩.#
#........##.# #......#
#........##.#############..
#...............#.......<..


You could see an orc priest and 2 gnolls.

Vanquished Creatures
  The ghost of Da5id the Slasher, a novice HuGl of Okawaru (D:4)
  A crimson imp (D:3)
  An orc wizard (D:3)
  An ooze (D:1)
  A worm (D:2)
  2 dart slugs
  3 leopard geckos
  14 orcs
  2 ball pythons
  3 giant cockroaches
  5 goblins
  3 hobgoblins
  6 jackals
  9 bats
  3 frilled lizards
  5 kobolds
  6 rats
66 creatures vanquished.

Notes
Turn   | Place    | Note
-------+----------+-------------------------------------------
     0 | D:1      | Da5id the Troll Monk began the quest for the Orb.
     0 | D:1      | Reached XP level 1. HP: 22/22 MP: 0/0
   373 | D:1      | Reached XP level 2. HP: 29/29 MP: 1/1
   469 | D:1      | Reached skill level 4 in Unarmed Combat
   504 | D:1      | Found a sparkling altar of Nemelex Xobeh.
   843 | D:2      | Found a white marble altar of Elyvilon.
   877 | D:2      | Reached XP level 3. HP: 35/36 MP: 2/2
  1489 | D:2      | Found a basalt altar of Yredelemnul.
  1808 | D:3      | Reached skill level 5 in Unarmed Combat
  1808 | D:3      | Reached XP level 4. HP: 43/44 MP: 3/3
  2212 | D:3      | Reached XP level 5. HP: 48/50 MP: 4/4
  2386 | D:4      | Found Xuacrius's Magic Scroll Emporium.
  2397 | D:4      | Bought a scroll of teleportation for 39 gold pieces
  2397 | D:4      | Bought a scroll of teleportation for 39 gold pieces
  2397 | D:4      | Bought a scroll of teleportation for 39 gold pieces
  2431 | D:4      | Found a radiant altar of Vehumet.
  2477 | D:4      | Noticed Da5id's ghost (novice HuGl)
  2491 | D:4      | Killed Da5id's ghost
  2491 | D:4      | Reached skill level 7 in Unarmed Combat
  2491 | D:4      | Reached XP level 6. HP: 15/59 MP: 5/5
  2492 | D:4      | Gained mutation: Your flesh is heat resistant. (rF+) [potion of beneficial mutation]
  2493 | D:4      | Killed from afar by an orc priest

Vault maps used:
D:1:      dpeg_arrival_subterranean_lakeside_camping,
          nemelex_diamond_rough_becter
D:2:      lemuel_coloured_pillars_altar, elyvilon_altar_1
D:4:      vehumet_altar_wand_db, nicolae_overflow_crystal_walls, serial_shops,
          shop

Skill      XL: |  1  2  3  4  5 |
---------------+----------------+-----
Unarmed Combat | 4 5 7 |  7.6
Fighting       | |  2.4
Dodging        | |  2.4
Stealth        | |  1.0

Action                   |  1- 3 |  4- 6 || total
-------------------------+-------+-------++-------
Melee: Unarmed           |    96 |    86 ||   182
       Punch             |     1 |     1 ||     2
  Use: Potion            |       |     3 ||     3
 Stab: Sleeping          |     4 |       ||     4
  Eat: Chunk             |    12 |    11 ||    23
       Meat ration       |       |     1 ||     1
Armor: Robe              |    54 |    25 ||    79
Dodge: Dodged            |    60 |    50 ||   110
